Cogmind - Beta 16 @@@ ROGUE MODE // 2026.01.18 @ 02:03:26 Player: DreamCore Result: Destroyed by Y-54 Guardian with Gatling Laser Performance ------------- Evolutions (0) 0 Regions Visited (4) 800 Robots Destroyed (20) 100 Value Destroyed (508) 508 Prototype IDs (1) 20 Alien Tech Used (0) 0 Bonus (14) 14 TOTAL SCORE: 1442 Bonus ------- Follower Combat Kills 14 Cogmind --------- Core Integrity 0/250 Matter 203/300 Energy 191/250 System Corruption 0% Temperature Cool (90) Movement Walking (130) Location -7/Recycling Parts ------- > --- POWER (1) -------- Ion Engine > --- PROPULSION (2) --- Aluminum Leg Makeshift Leg > --- UTILITY (2) ------ Medium Storage Unit Recalibrator > --- WEAPON (2) ------- Particle Gun Heavy Battle Rifle > --- INVENTORY (10) --- Light Nuclear Core Aluminum Leg Aluminum Leg Heat Sink Sensor Array Sensor Array Signal Interpreter Splice Drone Bay (5/6) Grenade Launcher Rocket Launcher Peak State ------------ > --- POWER ------------ Ion Engine > --- PROPULSION ------- Aluminum Leg Aluminum Leg > --- UTILITY ---------- Medium Storage Unit Splice Drone Bay > --- WEAPON ----------- Particle Gun Heavy Battle Rifle > --- INVENTORY -------- Light Nuclear Core Aluminum Leg Aluminum Leg Aluminum Leg Heat Sink Sensor Array Sensor Array Signal Interpreter Grenade Launcher Rocket Launcher [Rating: 18] Favorites ----------- Power Ion Engine Engine Ion Engine Propulsion Aluminum Leg Leg Aluminum Leg Utility Medium Storage Unit Device Splice Drone Bay Storage Medium Storage Unit Hackware Hacking Suite Weapon Light Assault Rifle Energy Gun Particle Gun Ballistic Gun Light Assault Rifle Launcher Grenade Launcher Build | -11 -10 -10 -10 -7 ------- Run | Yrd Mat Min Sub Rec Slots Evolved . | . . . . . Power . | . . . . . Propulsion . | . . . . . Utility . | . . . . . Weapon . | . . . . . Parts Attached 23 | . 11 5 3 4 Power 4 | . 3 1 . . Engine 4 | . 3 1 . . Core . | . . . . . Reactor . | . . . . . Propulsion 8 | . 3 2 . 3 Treads . | . . . . . Leg 8 | . 3 2 . 3 Wheel . | . . . . . Hover . | . . . . . Flight . | . . . . . Utility 5 | . 2 1 1 1 Device 3 | . . 1 1 1 Storage 1 | . 1 . . . Processor . | . . . . . Hackware 1 | . 1 . . . Protection . | . . . . . Artifact . | . . . . . Weapon 6 | . 3 1 2 . Energy Gun 2 | . 1 1 . . Energy Cannon . | . . . . . Ballistic Gun 2 | . 1 . 1 . Ballistic Cannon . | . . . . . Launcher 2 | . 1 . 1 . Special Weapon . | . . . . . Impact Weapon . | . . . . . Slashing Weapon . | . . . . . Piercing Weapon . | . . . . . Special Melee Weapon . | . . . . . Unidentified Prototypes 1 | . . 1 . . Parts Lost 4 | . 4 . . . Power . | . . . . . Propulsion 2 | . 2 . . . Utility . | . . . . . Weapon 2 | . 2 . . . Highest Loss Streak 3 | . 3 . . . To Critical Strikes . | . . . . . Average Backups 9 | . 7 10 10 9 Power 1 | . 1 1 1 1 Propulsion 3 | . 4 3 3 2 Utility 3 | . 1 4 4 4 Weapon 1 | . 1 1 2 2 Tool/Special . | . . . . . Unused Backups 14 | . 11 1 . 2 Power 3 | . 2 . . 1 Propulsion 7 | . 6 1 . . Utility 2 | . 1 . . 1 Weapon 2 | . 2 . . . Tool/Special . | . . . . . Average Slot Usage (%) 99 | . 97 100 100 100 Engine 14 | . 14 14 14 14 Leg 28 | . 28 28 28 28 Device 7 | . . 7 14 14 Storage 14 | . 14 14 14 14 Hackware 5 | . 11 6 . . Energy Gun 11 | . 8 14 13 14 Ballistic Gun 15 | . 19 14 13 14 Peak Build Rating 18 | . 10 15 15 18 Average Rating 12 | . 8 13 13 17 On Entrance 9 | 6 6 10 15 12 Avg Prop Armor Cover (%) . | . . . . . Naked Turns . | . . . . . Heaviest Build 30 | 11 17 27 27 30 Greatest Support 30 | 20 20 20 20 30 Greatest Overweight (x) 1 | . . 1 1 1 Average Overweight (x) . | . . . . . Largest Inventory Capacity 10 | . 10 10 10 10 Average Capacity 9 | . 8 10 10 10 Most Carried 10 | . 10 10 10 10 Average Carried 9 | . 7 9 10 9 Final Capacity 10 | 8 10 10 10 10 Final Carried 10 | 6 10 10 10 10 Class Distribution -------------------- 79% | Scavenger-Mutant 20% | Mutant Dominant Class ---------------- Mutant | -10/Materials Scavenger-Mutant | -10/Mines Scavenger-Mutant | -10/Subcaves Scavenger-Mutant | -7/Recycling Resources | -11 -10 -10 -10 -7 ----------- Run | Yrd Mat Min Sub Rec Matter Collected 624 | 200 160 174 16 74 Remotely . | . . . . . Salvage Created 619 | . 260 255 30 74 Parts 39 | . 24 8 3 4 Haulers Intercepted 1 | . 1 . . . Recyclers Shooed . | . . . . . Parts Field Recycled . | . . . . . Retrieved Matter . | . . . . . Parts Self-Destructed 15 | . . . 15 . Prevented . | . . . . . Parts Restored . | . . . . . Kills | -11 -10 -10 -10 -7 ------- Run | Yrd Mat Min Sub Rec Combat Hostiles Destroyed 17 | . 7 8 1 1 Guns 17 | . 7 8 1 1 Classes Destroyed 7 | . 4 . 1 2 Builder 1 | . . . . 1 Hauler 1 | . 1 . . . Operator 1 | . 1 . . . Swarmer 7 | . 3 4 . . Grunt 8 | . 4 4 . . Sentry 1 | . . . . 1 Subdweller 1 | . . . 1 . Best Kill Streak 3 | . 3 2 1 2 Combat Bots Only 3 | . 3 2 1 1 Max Kills in Single Turn 1 | . 1 1 1 1 Gunslinging . | . . . . . Exploded . | . . . . . Melee . | . . . . . Uniques/NPCs Destroyed . | . . . . . Combat | -11 -10 -10 -10 -7 -------- Run | Yrd Mat Min Sub Rec Hostile Shots Fired 160 | . 64 34 29 33 Missed 64 | . 20 10 15 19 Hits 96 | . 44 24 14 14 Projectile 96 | . 44 24 14 14 Critical Strikes 3 | . 2 . 1 . Damage Taken 1173 | . 597 265 191 120 Core 258 | . 93 58 77 30 Absorbed by Shields . | . . . . . Core Remaining (%) 100 | 100 . . . . Volleys Fired 92 | . 42 29 8 13 Largest 2 | . 2 2 2 2 Hottest 98 | . 70 85 85 98 Shots Fired 171 | . 84 58 14 15 Gun 167 | . 82 58 12 15 Cannon . | . . . . . Launcher 4 | . 2 . 2 . Special . | . . . . . Kinetic 100 | . 52 29 6 13 Thermal 67 | . 30 29 6 2 Explosive 4 | . 2 . 2 . Electromagnetic . | . . . . . Robot Hit Streak 12 | . 12 7 9 4 Robot Miss Streak 7 | . 4 7 2 3 Penetration Max . | . . . . . Secondary Targets . | . . . . . Shots Hit Robots 101 | . 48 33 11 9 Core Hits 39 | . 17 14 5 3 Critical Kills . | . . . . . Critical Parts Destroyed . | . . . . . Critical Strikes . | . . . . . Melee Attacks . | . . . . . Impact . | . . . . . Slashing . | . . . . . Piercing . | . . . . . Sneak Attacks . | . . . . . Combat Hostiles . | . . . . . Follow-up Attacks . | . . . . . Damage Inflicted 1248 | . 540 317 149 242 Guns 1165 | . 531 317 75 242 Cannons . | . . . . . Explosions 74 | . . . 74 . Melee . | . . . . . Ramming 9 | . 9 . . . Kinetic 691 | . 330 90 29 242 Thermal 474 | . 201 227 46 . Explosive 74 | . . . 74 . Electromagnetic . | . . . . . Impact . | . . . . . Slashing . | . . . . . Piercing . | . . . . . Highest Corruption . | . . . . . Average Corruption . | . . . . . Corruption Purged . | . . . . . Corruption Blocked . | . . . . . Overload Shots . | . . . . . Overflow Damage . | . . . . . Projectiles . | . . . . . Explosions . | . . . . . Melee . | . . . . . Knockbacks . | . . . . . Impact . | . . . . . Kinetic . | . . . . . Secondary . | . . . . . Self-Inflicted Damage . | . . . . . Shots . | . . . . . Rammed . | . . . . . Targets Rammed 2 | . 2 . . . Kicked 2 | . 2 . . . Crushed . | . . . . . Highest Temperature 271 | . 95 196 271 84 Average Temperature 56 | . 38 63 155 52 Received Heat Transfer 711 | . 267 93 333 18 Siege Activations . | . . . . . Martial Activations . | . . . . . Shielding Activations . | . . . . . Robots Disrupted . | . . . . . Combat Hostiles . | . . . . . Robots Corrupted . | . . . . . Combat Hostiles . | . . . . . Parts Fried . | . . . . . Impact Corruptions . | . . . . . Robots Melted . | . . . . . Combat Hostiles . | . . . . . Parts Melted 1 | . 1 . . . Heat Transferred 1081 | . 450 520 111 . Parts Sabotaged . | . . . . . Parts Stolen . | . . . . . Parts Stripped . | . . . . . Power Chain Reactions . | . . . . . Alert | -11 -10 -10 -10 -7 ------- Run | Yrd Mat Min Sub Rec Maximum Alert Level . | . . . . . Low Security (%) 100 | . 100 100 . 100 Level 1 . | . . . . . Level 2 . | . . . . . Level 3 . | . . . . . Level 4 . | . . . . . Level 5 . | . . . . . High Security . | . . . . . Max Security . | . . . . . Peak Influence 121 | . 66 121 . 25 Initial 10 | . . 1 . 10 Average 34 | . 16 70 . 6 Influence Increases 726 | . 259 317 90 60 Destroy 0b10 Robot/C 360 | . 140 200 . 20 Destroy 0b10 Robot/NC 15 | . 10 . . 5 Destroy Leader 72 | . 42 30 . . Allied During Kill 12 | . . 12 . . Successful Hack 41 | . 36 . . 5 Disable Machine 15 | . 15 . . . Destroy Structure 16 | . 16 . . . Lose Combat Pursuer 195 | . . 75 90 30 Influence Decreases 726 | . 254 247 143 82 Entered New Map 55 | . . 4 39 12 Time Decay 641 | . 224 243 104 70 Lost Part 30 | . 30 . . . Squads Dispatched 4 | . 4 . . . Investigation 1 | . 1 . . . Extermination . | . . . . . Reinforcement 3 | . 3 . . . Assault . | . . . . . Garrison . | . . . . . Intercept . | . . . . . Searches Triggered . | . . . . . Construction Impeded . | . . . . . Haulers Reinforced . | . . . . . Active Scanning Responses . | . . . . . Cargo Convoy Interrupts . | . . . . . Stealth | -11 -10 -10 -10 -7 --------- Run | Yrd Mat Min Sub Rec Distress Signals . | . . . . . Communications Jammed . | . . . . . Distress Signals . | . . . . . Times Spotted 39 | . 10 10 15 4 Peak Tracking Total 5 | . 3 3 5 2 Tactical Retreats 7 | . . 3 2 2 Traps | -11 -10 -10 -10 -7 ------- Run | Yrd Mat Min Sub Rec Traps Triggered 3 | . 3 . . . Indirectly . | . . . . . Trap Hack Attempts . | . . . . . Triggered . | . . . . . Disarmed . | . . . . . Reprogrammed . | . . . . . Reused . | . . . . . Traps Extracted . | . . . . . Installed . | . . . . . Triggered . | . . . . . Machines | -11 -10 -10 -10 -7 ---------- Run | Yrd Mat Min Sub Rec Machines Disabled 4 | . 1 . 3 . Max in Single Turn 3 | . 1 . 3 . Machines Repaired . | . . . . . Machines Dismantled . | . . . . . Machines Sabotaged . | . . . . . Overloaded Fab Kills . | . . . . . Hacking | -11 -10 -10 -10 -7 --------- Run | Yrd Mat Min Sub Rec Machines Accessed 10 | . 7 1 . 2 Terminals 7 | . 6 . . 1 Fabricators . | . . . . . Repair Stations . | . . . . . Recycling Units 2 | . 1 . . 1 Scanalyzers . | . . . . . Garrison Access . | . . . . . Total Hacks 32 | . 25 1 . 6 Successful 17 | . 13 1 . 3 Failed 15 | . 12 . . 3 Catastrophic . | . . . . . Database Lockouts . | . . . . . Manual 25 | . 23 . . 2 Terminals 25 | . 23 . . 2 Fabricators . | . . . . . Repair Stations . | . . . . . Recycling Units 6 | . 2 . . 4 Scanalyzers . | . . . . . Garrison Access . | . . . . . Terminal Hacks 9 | . 8 1 . . Robot Analysis 3 | . 3 . . . Open Door 1 | . . 1 . . Terminal Index 1 | . 1 . . . Locate Traps 1 | . 1 . . . Dispatch Records 1 | . 1 . . . Surveillance Status 1 | . 1 . . . Patrol Status 1 | . 1 . . . Fabricator Hacks . | . . . . . Repair Station Hacks . | . . . . . Recycling Unit Hacks 2 | . . . . 2 Report Inventory 1 | . . . . 1 Retrieve Components 1 | . . . . 1 Scanalyzer . | . . . . . Garrison Access Hacks . | . . . . . Unauthorized Hacks 6 | . 5 . . 1 Terminals 5 | . 4 . . 1 Track 1 | . 1 . . . Botnet 4 | . 3 . . 1 Fabricators . | . . . . . Repair Stations . | . . . . . Recycling Units 1 | . 1 . . . Reject 1 | . 1 . . . Scanalyzers . | . . . . . Garrison Access . | . . . . . Data Cores Recovered . | . . . . . Used . | . . . . . Hacking Detections 9 | . 7 . . 2 Full Trace Events . | . . . . . Feedback Events . | . . . . . Feedback Blocked . | . . . . . Robot Schematics Acquired . | . . . . . Robots Built . | . . . . . Authchips . | . . . . . Time . | . . . . . Total Robot Build Rating . | . . . . . Part Schematics Acquired . | . . . . . Parts Built . | . . . . . Authchips . | . . . . . Time . | . . . . . Total Part Build Rating . | . . . . . Part Studies Acquired . | . . . . . Parts Repaired . | . . . . . Time . | . . . . . Parts Recycled . | . . . . . Recycled Matter . | . . . . . Retrieved Matter . | . . . . . Retrieved Components 9 | . . . . 9 Parts Scanalyzed . | . . . . . Part Schematics Acquired . | . . . . . Parts Damaged . | . . . . . Bothacking | -11 -10 -10 -10 -7 ------------ Run | Yrd Mat Min Sub Rec Used RIF Installer . | . . . . . Robots Hacked . | . . . . . Non-combat . | . . . . . Combat . | . . . . . Robot Hacks Applied . | . . . . . Relay Couplers Released . | . . . . . Fabnet Peak Effective % . | . . . . . Robots Rewired . | . . . . . Allies Hacked . | . . . . . Hacks Repelled . | . . . . . Allies | -11 -10 -10 -10 -7 -------- Run | Yrd Mat Min Sub Rec Total Allies 3 | . . 1 1 1 Largest Group 1 | . . 1 1 1 Highest-Rated Group 32 | . . 5 15 32 Highest-Rated Ally 32 | . . 5 15 32 Total Orders 25 | . . 11 8 6 ROAM 21 | . . 9 6 6 EXPLORE 3 | . . 2 1 . RETURN 1 | . . . 1 . Ally Attacks 29 | . . 17 6 6 Total Damage 125 | . . 83 19 23 Kills 2 | . . 2 . . Allies Corrupted . | . . . . . Allies Melted . | . . . . . Intel | -11 -10 -10 -10 -7 ------- Run | Yrd Mat Min Sub Rec Active Infowar (turns) . | . . . . . Robot Analysis Total 3 | . 3 . . . Derelict Logs Recovered 2 | . . 2 . . Drone Launches 25 | . . 12 7 6 Drone Recoveries 24 | . . 12 7 5 Exploration | -11 -10 -10 -10 -7 ------------- Run | Yrd Mat Min Sub Rec Turns Passed 2166 | . 737 568 614 247 Spaces Moved 856 | 1 452 236 81 86 Core . | . . . . . Treads . | . . . . . Legs 856 | 1 452 236 81 86 Wheels . | . . . . . Hover . | . . . . . Flight . | . . . . . Fastest Speed 120 | 120 120 120 120 130 Average Speed 136 | 120 120 151 152 164 Slowest Speed 190 | 120 120 190 190 190 Overloaded Moves . | . . . . . Propulsion Burnouts . | . . . . . Robots Hopped . | . . . . . Potential Cave-ins . | . . . . . Cave-ins Triggered . | . . . . . Exploration Rate (%) 53 | 2 61 96 72 35 Regions Visited 4 Branch Regions 3 Pre-discovered Areas 1 | . . 1 . . Known Exits Taken . | . . . . . Unknown Exits Taken 4 | 1 1 1 1 . Scrap Searched 1 | . . 1 . . Spaces Dug 7 | . 7 . . . Terrain Destroyed 23 | . 15 . 8 . Melee . | . . . . . Projectile . | . . . . . AOE 23 | . 15 . 8 . Terrain Rammed . | . . . . . Walls Destroyed . | . . . . . Machines Disabled . | . . . . . Actions | -11 -10 -10 -10 -7 --------- Run | Yrd Mat Min Sub Rec Total 1699 | . 569 398 557 175 Wait 686 | . 38 120 462 66 Move 852 | . 451 235 80 86 Hop . | . . . . . Pick Up 16 | . 13 2 . 1 Fast Attach 2 | . . 1 . 1 Attach 5 | . 5 . . . Detach . | . . . . . Swap 24 | . 9 4 6 5 Drop 20 | . 9 7 1 3 Fire 92 | . 42 29 8 13 Melee . | . . . . . Ram . | . . . . . Kick 2 | . 2 . . . Crush . | . . . . . Escape Stasis . | . . . . . Rewire . | . . . . . Trap . | . . . . . Miscellaneous . | . . . . . Route ------- -11/Scrapyard -10/Materials (discovered 4 exits: [*Mat] / *Min x2 / [*Sub]) -10/Mines (discovered 3 exits: [*Mat x2] / [*Sub]) -10/Subcaves (discovered 3 exits: [*Mat x2] / *Rec) -7/Recycling History --------- Turn | Location | Event 1 | -11/Scrapyard | Discovered new exit (range 0) 1 | -11/Scrapyard | Entered Materials 291 | -10/Materials | Lost 3 parts (2n1w) 345 | -10/Materials | Discovered new exit (range 7) 477 | -10/Materials | Discovered new exit (range 13) 559 | -10/Materials | Discovered new exit (range 3) 701 | -10/Materials | Discovered new exit (range 8) 738 | -10/Materials | Entered Mines 840 | -10/Mines | Core integrity fell below 50% 945 | -10/Mines | Discovered new exit (range 11) 969 | -10/Mines | Found the Drone Emporium 973 | -10/Mines | Found Prototype Device 973 | -10/Mines | Identified Splice Drone Bay 1013 | -10/Mines | Build established: Scavenger-Mutant 1020 | -10/Mines | Received a Rocket Launcher from a helpful Derelict 1057 | -10/Mines | Discovered new exit (range 24) 1138 | -10/Mines | Learned 4 Materials zone layouts 1172 | -10/Mines | Discovered new exit (range 56) 1306 | -10/Mines | Entered Subcaves 1307 | -10/Subcaves | Approached by a straggling Scientist 1345 | -10/Subcaves | Discovered new exit (range 68) 1423 | -10/Subcaves | Discovered new exit (range 19) 1494 | -10/Subcaves | Discovered new exit (range 57) 1825 | -10/Subcaves | Ambushed by Subdwellers from Twisted Machinery 1831 | -10/Subcaves | Ambushed by swarm of Subdwellers 1840 | -10/Subcaves | Core integrity fell below 20% 1920 | -10/Subcaves | Entered Recycling 1921 | -7/Recycling | Met a Zionite searching for Scraptown 2167 | -7/Recycling | Destroyed by Y-54 Guardian with Gatling Laser Last Messages --------------- Structural Scanner (75%) Insulated Plating (82%) Mak. Leg (93%) Wheel (90%) Wheel (75%) Imp. Light Armor Plating (68%) Imp. Deuterium Engine (40%) 02096_ Connecting with Recycling Unit... >>Retrieve(Components) Retrieving 9 components... Imp. Light Armor Plating Terrain Scanner Structural Scanner Imp. Deuterium Engine Mak. Leg Wheel Insulated Plating Wheel Wheel 02098_ Dropped Aluminum Leg. Map ----- +----------------------------------------------------+ | ?????????????????????????????????????????????????? | | ?????????????????????????????????????????????????? | | ??????????????????????????##+###+####????????????? | | ??????????????????????????# ##???????????? | | ??????????????????????????# #???????????? | | ??????????????????????????# ##???????????? | | ??????????????????????????# #????????????? | | ??????????????????????????+ #####+#????????????? | | ??????????????????????????# #??????????????????? | | ??????????????????????????# #??????????????????? | | ??????????????????????????# #??????????????????? | | ??????????????????????????# #??????????????????? | | ??????##########??????????# #??????????????????? | | ??????# !! #??????????# #??????????????????? | | ??????# !! #??????????# #??????????????????? | | ??????# ! ! #??????????# #??????????????????? | | ??????# #??????????# #??????????????????? | | ??????# ! #??????????# ##?????????????????? | | ??????# ! #??????????# #?????????????????? | | ??????# ! ! !#??????????# ##?????????????????? | | ??????# ! #??#####???# ##########?????????? | | ??????#!! #??#!! ##### Y # #?????????? | | #+#########+#######!!!## ## # ! #?????????? | | % # #?????????? | | r% # !! #?????????? | | u%@ #! !#?????????? | | #######+############### # =#?????????? | | ? #??# #?????????# + ! #?????????? | | ?? #### """"" #?????????# #! #?????????? | | ??# #""" ""T"" #?????????# # ! #?????????? | | ??# #"T #?????????# ##########?????????? | | ??# #""" #?????????# #??????????????????? | | ??# #### """" #?????????# ##########?????????? | | ### #### """" #?????????# # #?????????? | | + """" #?????????# # #?????????? | | ###/#### #?????????# # #?????????? | | ! #?##########?????????# # #?????????? | | #????????????????????# + """" #?????????? | | ! #??????????????????### # """" #?????????? | | ] #??????????????????# ! # * """" #?????????? | | #??????????????????#!! #!=!"""" #?????????? | | #??????????????????#!! #!===! #?????????? | | #??????????????????### ##"Y"#####?????????? | | [ #????????????????????# ##"""#?????????????? | | ######????????????????#???# ######?????????????? | | ??????????????##### ### ### #??????????????????? | | ????????????# # #??????????????????? | | ????????????# + #??????????????????? | | ????????????# # #??????????????????? | | ????????????# # #??????????????????? | +----------------------------------------------------+ Best States ------------- Heat Dissipation 35 Energy Generation 10 Energy Capacity 250 Matter Stores 300 Matter Capacity 300 Sight Range 16 Terrain Scan Density 10 Evasion (%) 55 Offensive Hacking 10 Item Schematics ----------------- None Robot Schematics ------------------ None Fabricated ------------ Nothing Repaired ---------- Nothing Studied --------- None Alien Tech Used ----------------- None Achievements -------------- Factory Defaults Release The Drones! Challenges ------------ None Game ------ Seed ArchitectDerelictPrototype Manual? 0 Play Time 00:34:18 Cumulative 61.3 hours Start 2026.01.18 @ 01:29:34 End 2026.01.18 @ 02:03:26 Sessions 1 Manual Loads 0 Difficulty Rogue Special Mode None Game No. 73 Rogue 73 Adventurer 0 Explorer 0 Win Type - Total 1 Types 1/0/0/0/0/0/0/0/0/0 Lore% 25 Gallery% 33 Achievement% 24 Wizard Run 0 Options --------- Layout 0 ASCII 0 Keyboard 0 Movement Mouse Keybinds 0 Fullscreen 0 Font 16/SmallcapsGlow Map View 88x55 Zoom Use 0% Tactical HUD 1 Map Filters NONE Filters NONE Steam 1 RUN: 139308ae-1a1a-49ae-8ab4-d1c0b32b1b8c